 Dungeon Crawl Stone Soup version 0.30-a0-605-gb2882149bf (webtiles) character file.

Game seed: 3776139973118988490

3022 bmack86 the Fighter (level 9, -3/84 HPs)
             Began as a Minotaur Fighter on Jan 8, 2023.
             Was a Priest of Okawaru.
             Slain by an orc warrior
             ... wielding a +0 war axe
              (9 damage)
             ... in a bailey.
             The game lasted 00:18:14 (7282 turns).

bmack86 the Fighter (Minotaur Fighter)              Turns: 7282, Time: 00:18:15

Health: -3/84      AC: 17    Str: 34    XL:     9   Next: 55%
Magic:  9/10       EV:  9    Int:  3    God:    Okawaru [***...]
Gold:   502        SH:  6    Dex:  9    Spells: 8/8 levels left

rFire   . . .      SeeInvis +    C - +9 broad axe of Truncation {heavy, rElec Will+ Str+2 Int-2}
rCold   . . .      Faith    .    c - +0 buckler
rNeg    . . .      Spirit   .    l - +0 plate armour
rPois   .          Reflect  .    (helmet restricted)
rElec   +          Harm     .    t - +1 cloak {Will+}
rCorr   .          Rampage  .    (no gloves)
Will    ++...                    (no boots) Stlth
                                 (no amulet)
HPRegen 0.34/turn                g - ring of see invisible
MPRegen 0.12/turn                y - +6 ring of strength

@: lethally poisoned (-3 -> -6), heroic, slowed, very slow
A: horns 2, retaliatory headbutt
a: Renounce Religion, Heroism


You were in a bailey.
You worshipped Okawaru.
Okawaru was most pleased with you.
You visited 2 branches of the dungeon, and saw 9 of its levels.
You also visited: Sewer and Bailey.

You collected 502 gold pieces.

Inventory:

Hand Weapons
 a - a +0 war axe of protection
 C - the +9 broad axe of Truncation (weapon) {heavy, rElec Will+ Str+2 Int-2}
   (You acquired it on level 8 of the Dungeon)

   Str:       It affects your strength (+2).
   Int:       It affects your intelligence (-2).
   rElec:     It insulates you from electricity.
   Will:      It increases your willpower.
 F - the +4 hand axe "Yxycamonn" {vamp, Dex+2}
   (You found it on level 8 of the Dungeon)

   Dex:       It affects your dexterity (+2).
Missiles
 b - 18 poisoned darts
 H - 14 boomerangs (quivered)
 I - 4 datura-tipped darts
Armour
 c - a +0 buckler (worn)
 l - a +0 plate armour (worn)
 t - a +1 cloak of willpower (worn)
Jewellery
 g - a ring of see invisible (left hand)
 y - a +6 ring of strength (right hand)
Wands
 f - a wand of polymorph (1)
 q - a wand of quicksilver (10)
 E - a wand of flame (23)
 G - a wand of paralysis (13)
Scrolls
 i - 6 scrolls of teleportation
 j - a scroll of brand weapon
 n - 2 scrolls of blinking
 v - a scroll of butterflies
 w - a scroll of magic mapping
 B - a scroll of amnesia
 D - 4 scrolls of immolation {unknown}
Potions
 d - 4 potions of might
 e - 4 potions of heal wounds
 h - 4 potions of brilliance
 k - 3 potions of curing
 m - 2 potions of invisibility {unknown}
 o - 3 potions of cancellation {unknown}
 p - a potion of haste {unknown}
 r - a potion of resistance {unknown}
 s - a potion of berserk rage {unknown}
 u - a potion of experience {unknown}
 x - a potion of ambrosia {unknown}
 z - a potion of flight {unknown}
 A - a potion of magic {unknown}


   Skills:
 * Level 9.4(14.4) Fighting
 * Level 9.0(14.0) Axes
 + Level 2.9(7.9) Throwing
 + Level 6.9(11.9) Armour
 + Level 7.1(12.1) Shields
 + Level 3.4 Invocations


You had 8 spell levels left.
You didn't know any spells.
Your spell library contained the following spells:

 Spells                   Type           Power      Damage    Failure   Level
 Apportation              Tloc           0%         N/A       98%         1
 Magic Dart               Conj           0%         1d3       98%         1
 Necrotise                Necr           0%         1d4       98%         1
 Static Discharge         Conj/Air       0%         2-2/arc   99%         2
 Gell's Gravitas          Tloc           0%         N/A       100%        3
 Ignite Poison            Fire/Tmut/Pois 0%         N/A       100%        3
 Kindle Blastsparks       Fire/Tloc/Air  0%         2d10      100%        3
 Lesser Beckoning         Tloc           0%         N/A       100%        3
 Mephitic Cloud           Conj/Pois/Air  0%         N/A       100%        3
 Teleport Other           Tloc           0%         N/A       100%        3
 Vhi's Electric Charge    Tloc/Air       0%         N/A       100%        3
 Alistair's Intoxication  Tmut/Pois      0%         N/A       100%        5
 Arcjolt                  Conj/Air       0%         1d10      100%        5
 Freezing Cloud           Conj/Ice/Air   0%         6-21      100%        5
 Lightning Bolt           Conj/Air       0%         1d11      100%        5
 Summon Small Mammal      Summ           Unusable   N/A       N/A         1
 Call Imp                 Summ           Unusable   N/A       N/A         2

Dungeon Overview and Level Annotations

Branches:
Dungeon (8/15)             Temple (1/1) D:4           Sewer (visited)
 Bailey (1/1)
   Lair: D:8-11

Altars:
Cheibriados
Dithmenos
Hepliaklqana
Kikubaaqudgha
Makhleb
Nemelex Xobeh
Okawaru
Qazlal
Ru
Sif Muna
Trog
Uskayaw
Vehumet
Wu Jian
Yredelemnul
Zin
The Shining One

Shops:
D:5 (   D:7 (


Innate Abilities, Weirdness & Mutations

You have a pair of horns on your head.
You reflexively headbutt those who attack you in melee.


Message History

The kobold brigand hits you but does no damage.
You block the kobold brigand's attack.
The orc warrior hits you with a +0 war axe.
* * * LOW HITPOINT WARNING * * *
You closely miss the orc warrior. You headbutt the orc warrior!
The orc warrior is moderately wounded.
You slice the kobold brigand!! You slash the orc warrior!
You slash the kobold brigand! You hit the orc warrior.
You hit the kobold brigand.
You feel very sick. You block the orc warrior's attack.
The kobold brigand barely misses you. You furiously retaliate!
You headbutt the kobold brigand!!
You kill the kobold brigand!
Okawaru accepts your kill. You block the orc warrior's attack.
The kobold brigand hits you with a +0 war axe.
* * * LOW HITPOINT WARNING * * *
The orc warrior hits you but does no damage.
The kobold brigand hits you with a +0 war axe.
* * * LOW HITPOINT WARNING * * *
The orc warrior hits you but does no damage.
The orc warrior hits you with a +0 war axe.
* * * LOW HITPOINT WARNING * * *
You block the kobold brigand's attack. The orc warrior barely misses you.
The kobold brigand hits you but does no damage.
Your base Axes skill increases to level 9!
You closely miss the orc warrior.
The orc warrior is moderately wounded.
You slice the kobold brigand!!
You kill the kobold brigand!
Okawaru accepts your kill.
You slice the orc warrior!!
You slice the orc warrior like a ripe choko!!!
You kill the orc warrior!
Okawaru accepts your kill.
You barely miss the kobold brigand.
You feel sick. The orc warrior barely misses you.
The kobold brigand hits you but does no damage.
The orc warrior hits you with a +0 war axe!
You die...

##~.......~##
####'''####
##.....##
#∩...).∩#
#...8...#
##.....##
###'###
####o.)####
#...)@K...#
#......o).....#
...............
...............
#.............#
###./?...?).###
####._.####
#####


You could see 2 orc warriors and a kobold brigand.

Vanquished Creatures
  A cyclops (D:8)
  A steam dragon (D:8)
  Edmund (D:6)
  Duvessa (D:5)
  Pargi (Sewer)
  An ice beast (D:6)
  A black bear (D:6)
  2 orc warriors (Bailey)
  A sky beast (D:7)
  2 ogres (D:5)
  4 centaurs
  A phantom (D:6)
  6 kobold brigands
  A necrophage (D:6)
  3 bullfrogs
  2 scorpions
  Dowan (D:5)
  Crazy Yiuf (D:5)
  4 orc priests
  2 iguanas
  3 orc wizards
  6 gnolls
  8 adders
  2 white imps
  An ufetubus (D:3)
  2 worms
  2 dart slugs
  9 orcs
  4 endoplasms
  A giant cockroach (D:4)
  3 goblins
  7 hobgoblins
  4 jackals (D:2)
  2 quokkas
  7 ball pythons
  5 bats
  9 frilled lizards
  23 kobolds
  5 rats
140 creatures vanquished.

Vanquished Creatures (others)
  2 orc wizards (D:5)
  2 plants (D:3)
4 creatures vanquished.

Grand Total: 144 creatures vanquished

Notes
Turn   | Place    | Note
-------+----------+-------------------------------------------
     0 | D:1      | bmack86 the Minotaur Fighter began the quest for the Orb.
     0 | D:1      | Reached XP level 1. HP: 19/19 MP: 0/0
   474 | D:1      | Reached XP level 2. HP: 27/27 MP: 1/1
  1136 | D:2      | Reached XP level 3. HP: 25/33 MP: 2/2
  1259 | D:2      | Reached XP level 4. HP: 33/41 MP: 3/3
  1966 | D:3      | Found a snail-covered altar of Cheibriados.
  2416 | D:3      | Found a glowing drain.
  2425 | Sewer    | Entered a sewer
  2510 | Sewer    | Noticed Pargi
  2523 | Sewer    | Killed Pargi
  2524 | Sewer    | Reached skill level 5 in Fighting
  2524 | Sewer    | Reached XP level 5. HP: 38/48 MP: 4/4
  2843 | D:4      | Found a staircase to the Ecumenical Temple.
  2854 | Temple   | Entered the Ecumenical Temple
  2874 | Temple   | Became a worshipper of Warmaster Okawaru
  3075 | D:4      | Reached XP level 6. HP: 45/56 MP: 5/5
  3227 | D:4      | Found a shadowy altar of Dithmenos.
  3256 | D:4      | Reached skill level 5 in Axes
  3319 | D:4      | Found an ancient bone altar of Kikubaaqudgha.
  3701 | D:5      | Entered Level 5 of the Dungeon
  3789 | D:5      | Reached skill level 5 in Shields
  4048 | D:5      | Reached * piety under Okawaru
  4049 | D:5      | Reached skill level 5 in Armour
  4049 | D:5      | Reached XP level 7. HP: 30/64 MP: 6/6
  4211 | D:5      | Found Doji's Weapon Shoppe.
  4263 | D:5      | Noticed Duvessa
  4264 | D:5      | Noticed Dowan
  4272 | D:5      | Killed Duvessa
  4289 | D:5      | Killed Dowan
  4781 | D:5      | Found a runed translucent door.
  4782 | D:5      | Noticed Crazy Yiuf
  4793 | D:5      | Killed Crazy Yiuf
  4960 | D:6      | Noticed Edmund
  4972 | D:6      | Killed Edmund
  4973 | D:6      | Reached skill level 1 in Invocations
  4973 | D:6      | Reached XP level 8. HP: 30/73 MP: 4/7
  5284 | D:6      | Reached ** piety under Okawaru
  5364 | D:6      | Found a shimmering blue altar of Sif Muna.
  5371 | D:6      | Got Sif Muna's Volume of Bones and Phantasms
  5376 | D:6      | Found a bloodstained altar of Trog.
  5415 | D:6      | Reached skill level 1 in Throwing
  5667 | D:6      | Found a basalt altar of Yredelemnul.
  6164 | D:7      | Found Toyrph's Antique Weapon Shop.
  6234 | D:7      | Found a stormy altar of Qazlal.
  6236 | D:7      | Found an ornate altar of the Wu Jian Council.
  6459 | D:7      | Identified the +1 ring mail of Woutek {Contam Regen+ Str+4
                  | Dex+8}
  6762 | D:7      | Reached XP level 9. HP: 71/82 MP: 8/10
  6798 | D:7      | Found a glowing golden altar of the Shining One.
  6843 | D:8      | Reached *** piety under Okawaru
  6867 | D:8      | Noticed a cyclops
  6868 | D:8      | Found a flagged portal.
  6877 | D:8      | Killed a cyclops
  6890 | D:8      | Identified the +4 hand axe "Yxycamonn" {vamp, Dex+2}
  6893 | D:8      | Identified a scroll of acquirement
  6893 | D:8      | Acquired the +9 broad axe of Truncation {heavy, rElec Will+
                  | Str+2 Int-2}
  7034 | Bailey   | Entered a bailey
  7279 | Bailey   | Found a burning altar of Makhleb.
  7282 | Bailey   | Slain by an orc warrior

Illustrated notes

Levels and vault maps discovered:
D:1:      lemuel_arrival_cross, layout_basic, minmay_three_crescents
D:2:      layout_basic
D:3:      layout_basic, cheibriados_altar_1, portal_sewer_entry_d,
          minmay_misc_feat_encased, serial_bayou_pond_b
D:4:      layout_loops_cross, mainiacjoe_overflow_alcove_4,
          grunt_dithmenos_smoke, minmay_temple_entry_waves,
          kennysheep_generic_room_8
D:5:      layout_basic, serial_shops, nicolae_shop_advertising_works
          [nicolae_subvault_shop_adworks], minmay_misc_feat_plants,
          uniq_crazy_yiuf_cottage, uniq_duvessa
D:6:      layout_cave_pools, nzn_overflow_gifts_of_might_and_magic,
          mainiacjoe_overflow_six_doors_small, grunt_decor_mini_mirrors,
          minivault_5, uniq_edmund
D:7:      layout_gridville, marbit_many_paths, nicolae_overflow_hidden_temple,
          serial_shops, nicolae_shop_behind_doors
D:8:      nicolae_cairo_tiling_large_dashed, layout_rooms, ashenzari_altar_1,
          mainiacjoe_overflow_brackets, elyvilon_altar_1, enter_bailey_2,
          kennysheep_crisscross, kennysheep_generic_room_9
Temple:   nicolae_temple_superstar
Bailey:   bailey_axe_3, bailey

Skill      XL: |  1  2  3  4  5  6  7  8  9 |
---------------+----------------------------+-----
Fighting       | 4 5 6 7 8 9 |  9.4
Axes           | 3 4 5 6 8 9 |  9.0
Armour         | 4 5 6 |  6.9
Shields        | 4 5 6 7 |  7.1
Invocations    | 1 2 3 |  3.4
Throwing       | 2 |  2.9

Action                   |  1- 3 |  4- 6 |  7- 9 || total
-------------------------+-------+-------+-------++-------
Melee: War axe           |    60 |   120 |   124 ||   304
       Headbutt          |     7 |    15 |    30 ||    52
       Broad axe         |       |       |    21 ||    21
Invok: Heroism           |       |       |     4 ||     4
  Use: Scroll            |     2 |    11 |     5 ||    18
Armor: Scale mail        |    10 |       |       ||    10
       Plate armour      |    64 |    87 |   151 ||   302
Dodge: Dodged            |    41 |    51 |    75 ||   167
Block: Buckler           |    15 |    45 |    68 ||   128

Table legend: (Time is in decaauts)
 A = Elapsed time spent in this place.
 B = Non-inter-level travel time spent in this place.
 C = Inter-level travel time spent in this place.
 D = Time resting spent in this place.
 E = Time spent auto-exploring this place.
 F = Levels seen in this place.
 G = Mean time per level.
                   A        B        C        D        E       F      G
               +--------+--------+--------+--------+--------+-----+--------+
         Total |   7417 |   7211 |    206 |    496 |   4350 |  11 |  674.3 |
       Dungeon |   6864 |   6658 |    206 |    388 |   4275 |   8 |  858.0 |
        Temple |    115 |    115 |      0 |      0 |     75 |   1 |  115.0 |
         Sewer |    168 |    168 |      0 |      0 |      0 |   1 |  168.0 |
        Bailey |    269 |    269 |      0 |    108 |      0 |   1 |  269.0 |
               +--------+--------+--------+--------+--------+-----+--------+

Top non-repeatable levels by time:
     D:5: 1211 daAuts
     D:1: 1065 daAuts
     D:6: 984 daAuts
     D:7: 947 daAuts
     D:2: 926 daAuts
     D:4: 782 daAuts
     D:3: 738 daAuts
  Bailey: 269 daAuts
     D:8: 210 daAuts
   Sewer: 168 daAuts
  Temple: 115 daAuts
